 Dungeon Crawl Stone Soup version 0.20.1-1-g8b1a95d (webtiles) character file.

118 polve the Cudgeler (level 5, -1/32 HPs)
             Began as a Gargoyle Fighter on July 18, 2017.
             Slain by an ogre
             ... wielding a +0 giant club
              (15 damage)
             ... on level 4 of the Dungeon.
             The game lasted 00:02:46 (2774 turns).

polve the Cudgeler (Gargoyle Fighter)               Turns: 2774, Time: 00:02:47

Health: -1/32      AC: 14    Str: 19    XL:     5   Next: 2%
Magic:  0/5        EV:  5    Int:  9    God:
Gold:   107        SH:  9    Dex: 10    Spells: 4/4 levels left

rFire    . . .     SeeInvis .   a - +0 flail
rCold    . . .     Gourm    .   p - +0 shield
rNeg     + . .     Faith    .   u - +0 chain mail
rPois    ∞         Spirit   +   (no helmet)
rElec    +         Reflect  .   C - scarf {Spirit}
rCorr    .         Harm     .   (no gloves)
MR       +....                  y - +0 pair of boots
Stlth    ..........             (no amulet)
Regen    0.1/turn               w - ring of protection from magic
MPRegen  0.1/turn               (no ring)

@: no status effects
A: negative energy resistance 1, electricity resistance, unbreathing,
petrification resistance, rot immunity, AC +4
a: no special abilities


You were on level 4 of the Dungeon.
You were very hungry.

You visited 1 branch of the dungeon, and saw 4 of its levels.

You collected 107 gold pieces.

Inventory:

Hand Weapons
 a - a +0 flail (weapon)
Armour
 p - a +0 shield (worn)
 u - a +0 chain mail (worn)
 y - a +0 pair of boots (worn)
 C - a scarf of spirit shield (worn)
Jewellery
 w - a ring of protection from magic (left hand)
Scrolls
 c - 4 scrolls of immolation {unknown}
 e - 4 scrolls of teleportation {unknown}
 g - a scroll of amnesia {unknown}
 h - 2 scrolls of remove curse {unknown}
 i - 4 scrolls of identify {unknown}
 j - 2 scrolls of enchant armour {unknown}
 k - 2 scrolls of magic mapping {unknown}
 m - 2 scrolls of blinking {unknown}
 q - a scroll of enchant weapon {unknown}
 r - a scroll of recharging {unknown}
 t - a scroll of fog {unknown}
 A - 2 scrolls of fear {unknown}
 D - a scroll of noise {unknown}
Potions
 b - a potion of berserk rage {unknown}
 d - a potion of might
 l - 3 potions of curing {unknown}
 s - 3 potions of ambrosia {unknown}
 x - a potion of mutation {unknown}
 z - 3 potions of flight {unknown}
 B - a potion of brilliance {unknown}
Comestibles
 f - 4 bread rations
 n - 6 fruits
 o - 3 royal jellies
 v - 2 meat rations


   Skills:
 - Level 3.2 Fighting
 + Level 5.0 Maces & Flails
 - Level 3.2 Armour
 - Level 3.2 Shields


You had 4 spell levels left.
You didn't know any spells.

Dungeon Overview and Level Annotations

Branches:
Dungeon (4/15)
 Temple: D:4-7

Altars:


Innate Abilities, Weirdness & Mutations

You are resistant to torment.
Your stone body is resilient. (AC +4)
You are immune to poison.
You resist negative energy. (rN+)
You are resistant to electric shocks. (rElec)
You can survive without breathing.
You are immune to petrification.
You are immune to rotting.


Message History

You closely miss the adder. The adder barely misses you.
The adder bites you but does no damage.
Your shield and chain mail prevent you from hitting the adder.
The adder bites you but does no damage.
You miss the adder. The adder bites you but does no damage.
You block the adder's attack.
You sock the adder!
You kill the adder!
Your Maces & Flails skill increases to level 5!
You have reached level 5!
The ogre shouts!
The ogre is too close now for your liking.
An ogre is nearby!
An ogre is nearby!
Your shield and chain mail prevent you from hitting the ogre.
The ogre hits you with a giant club!!
Ouch! That really hurt!
* * * LOW HITPOINT WARNING * * *
You hit the ogre but do no damage. The ogre hits you with a giant club!
You die...

### #.. #### #..
...#########################$##..
................@O............'..
...###################.......##.†
...# #.......##.. ...#
#........... #### #........... #
###.###...=. .. ..# #..... ## #.#
#..... # .# ##....


You could see an ogre.

Vanquished Creatures
  A worker ant (D:4)
  A gnoll (D:1)
  2 adders
  A worm (D:2)
  A dart slug (D:1)
  5 leopard geckos
  An orc (D:4)
  8 bats
  2 giant cockroaches
  3 goblins
  5 hobgoblins
  5 jackals (D:2)
  2 ball pythons
  4 frilled lizards
  11 kobolds
  9 rats
61 creatures vanquished.

Notes
Turn   | Place    | Note
-------+----------+-------------------------------------------
     0 | D:1      | polve the Gargoyle Fighter began the quest for the Orb.
     0 | D:1      | Reached XP level 1. HP: 14/14 MP: 1/1
    92 | D:1      | Reached XP level 2. HP: 19/19 MP: 2/2
   227 | D:1      | Reached skill level 3 in Maces & Flails
   581 | D:1      | Reached XP level 3. HP: 8/23 MP: 3/3
  1417 | D:2      | Reached skill level 4 in Maces & Flails
  1597 | D:2      | Reached XP level 4. HP: 27/28 MP: 4/4
  2525 | D:4      | Noticed an ogre
  2751 | D:4      | Reached skill level 5 in Maces & Flails
  2751 | D:4      | Reached XP level 5. HP: 32/32 MP: 5/5
  2774 | D:4      | Slain by an ogre

Skill      XL: |  1  2  3  4 |
---------------+-------------+-----
Maces & Flails | 3 4 5 |  5.0
Fighting       | |  3.2
Armour         | |  3.2
Shields        | |  3.2

Action                   |  1- 3 |  4- 6 || total
-------------------------+-------+-------++-------
Melee: Flail             |   124 |    93 ||   217
  Eat: Chunk             |     2 |     3 ||     5
Armor: Scale mail        |    68 |       ||    68
       Chain mail        |    12 |    72 ||    84
Dodge: Dodged            |    44 |    27 ||    71
Block: Shield            |    75 |    56 ||   131
